 Dungeon Crawl Stone Soup version 0.31-a0-1576-ga3383bade6 (webtiles) character file.

Game seed: 977363375479709174

105 Borgoz the Trooper (level 4, -1/29 HPs)
             Began as a Gargoyle Berserker on Jan 4, 2024.
             Was a Believer of Trog.
             Killed from afar by Ijyb (14 damage)
             ... with an iceblast
             ... on level 3 of the Dungeon.
             The game lasted 00:02:52 (1586 turns).

Borgoz the Trooper (Gargoyle Berserker)             Turns: 1586, Time: 00:02:53

Health: -1/29      AC:  7    Str: 20    XL:     4   Next: 83%
Magic:  4/4        EV: 12    Int:  8    God:    Trog [**....]
Gold:   71         SH:  0    Dex: 11    Spells: 3/3 levels left

rFire   . . .        a - +0 mace
rCold   . . .        (no shield)
rNeg    + . .        b - +0 animal skin
rPois   ∞            (no helmet)
rElec   +            (no cloak)
rCorr   .            (no gloves)
SInv    .            d - +0 pair of boots
Will    .....        (no amulet)
Stlth   +            (no ring)
HPRegen 0.24/turn    (no ring)
MPRegen 0.09/turn

%: no passive effects
@: no status effects
A: sickness immunity, AC +3, negative energy resistance 1, electricity
resistance, torment resistance 1, petrification resistance
a: Renounce Religion, Berserk, Trog's Hand


You were on level 3 of the Dungeon.
You worshipped Trog.
Trog was pleased with you.
You visited 1 branch of the dungeon, and saw 3 of its levels.

You collected 71 gold pieces.

Inventory:

Hand Weapons
 a - a +0 mace (weapon)
Armour
 b - a +0 animal skin (worn)
 d - a +0 pair of boots (worn)
 j - a +0 pair of gloves
Scrolls
 c - 3 scrolls of identify {unknown}
 e - a scroll of noise {unknown}
 h - a scroll of fog {unknown}
 i - a scroll of fear {unknown}
Potions
 f - 2 potions of lignification {unknown}
 g - a potion of haste {unknown}
 k - a potion of heal wounds {unknown}
 l - a potion of berserk rage {unknown}
 m - a potion of cancellation {unknown}


   Skills:
 + Level 4.0 Fighting
 + Level 3.7 Maces & Flails
 + Level 3.2 Armour
 + Level 2.3 Dodging


You had 3 spell levels left.
You didn't know any spells.
Your spell library was empty.

Dungeon Overview and Level Annotations

Branches:
Dungeon (3/15)

Altars:
The Shining One

Shops:
D:3 :

Annotations:
D:3 Ijyb


Innate Abilities, Weirdness & Mutations

You are immune to sickness and miasma.
Your stone body is resilient. (AC +3)
You are immune to poison.
You resist negative energy. (rN+)
You are resistant to electric shocks. (rElec)
You are resistant to unholy torment.
You are immune to petrification.


Message History

You barely miss the goblin. The goblin hits you but does no damage.
You thump the goblin!
You kill the goblin!
Trog accepts your kill.
The bombardier beetle bites you but does no damage.
You see here a +0 dagger.
You closely miss the bombardier beetle. You hit the bombardier beetle.
The bombardier beetle is moderately wounded.
You sock the bombardier beetle!
You kill the bombardier beetle!
Trog accepts your kill.
Your Fighting skill increases to level 4!
You are no longer berserk.
You are exhausted.
You feel yourself slow down.
You feel the effects of Trog's Hand fading.
Your skin stops crawling.
You feel less strong-willed.
There is an entrance to Jogyrr's Vocational Training here.
You open the door.
There is an open door here.
Found 4 stones.
You see here 4 stones.
You feel yourself speed up.
You recover from your berserk rage.
Ijyb the Twisted Goblin comes into view.
She is wielding a +0 dagger and carrying a wand of iceblast.
Ijyb shouts!
Ijyb is nearby!
Ijyb is nearby!
A gnoll comes into view. It is wielding a +0 whip.
A frilled lizard comes into view.
A gnoll comes into view. It is wielding a +0 spear.
The frilled lizard hisses angrily.
You hear a shout! x2
Ijyb zaps a wand.
The mass of ice explodes!
The iceblast engulfs you.
Ijyb screams, "Level is mine!
All mine!"
Ijyb zaps a wand.
The mass of ice explodes!
The iceblast engulfs you!
Okay, then.
Ijyb zaps a wand.
The mass of ice explodes!
The iceblast engulfs you.
Ijyb zaps a wand.
The mass of ice explodes!
The iceblast engulfs you!
You die...

#.# #.########## ###
#.##.......# ..#
#.##.#####.# #.# ##.##.#
##.## ###.#
##...#.####...# ...#
#......#....#.# #
#.####...#........#
#g#.#.##.....@......###.##
#l.....g.#####.###### #.#
###.#....# #.# ##.##
#...#### ##+# #...### ##.#
##...## #.#...# #.
##.....### #..(#.# #
##........# ###.#.#
#.........####...#.
+.....⌠.⌠.'.....###.


You could see Ijyb.

Vanquished Creatures
  A bombardier beetle (D:3)
  3 adders
  5 ball pythons
  6 bats
  4 endoplasms (D:1)
  4 giant cockroaches
  5 goblins
  5 hobgoblins
  3 quokkas
  2 frilled lizards
  5 rats
43 creatures vanquished.

Notes
Turn   | Place    | Note
-------+----------+-------------------------------------------
     0 | D:1      | Borgoz the Gargoyle Berserker began the quest for the Orb.
     0 | D:1      | Reached XP level 1. HP: 14/14 MP: 1/1
    52 | D:1      | Reached XP level 2. HP: 17/19 MP: 2/2
   241 | D:1      | Reached ** piety under Trog
   249 | D:1      | Reached XP level 3. HP: 21/23 MP: 3/3
   852 | D:2      | Found a glowing golden altar of the Shining One.
  1112 | D:2      | Found a faded altar of an unknown god.
  1197 | D:2      | Reached XP level 4. HP: 29/29 MP: 4/4
  1503 | D:3      | Found Jogyrr's Vocational Training.
  1526 | D:3      | Reached skill level 4 in Fighting
  1578 | D:3      | Noticed Ijyb
  1586 | D:3      | Killed from afar by Ijyb

Illustrated notes

Levels and vault maps discovered:
D:1:      minmay_arrival_glassed_features, layout_rooms
D:2:      layout_loops_corners, shapermc_ecumenical_altar_ellora, basic_altar,
          wad_floor_pattern_untrapped
D:3:      layout_loops_corners, serial_shops, shop, shop,
          nicolae_shop_vocational, uniq_natasha, uniq_ijyb

Skill      XL: |  1  2  3  4 |
---------------+-------------+-----
Dodging        | 2 |  2.3
Armour         | 3 |  3.2
Fighting       | 4 |  4.0
Maces & Flails | |  3.7

Action                     |  1- 3 |  4- 6 || total
---------------------------+-------+-------++-------
  Melee: Mace              |   109 |    23 ||   132
         Punch             |     1 |       ||     1
 Invoke: Berserk           |       |     1 ||     1
         Trog's Hand       |       |     1 ||     1
   Stab: Sleeping          |     1 |       ||     1
 Armour: Animal skin       |    63 |    16 ||    79
  Dodge: Dodged            |    99 |    14 ||   113

Table legend: (Time is in decaauts)
 A = Elapsed time spent in this place.
 B = Non-inter-level travel time spent in this place.
 C = Inter-level travel time spent in this place.
 D = Time resting spent in this place.
 E = Time spent auto-exploring this place.
 F = Levels seen in this place.
 G = Mean time per level.
                   A        B        C        D        E       F      G
               +--------+--------+--------+--------+--------+-----+--------+
         Total |   1629 |   1545 |     84 |      0 |   1211 |   3 |  543.0 |
       Dungeon |   1629 |   1545 |     84 |      0 |   1211 |   3 |  543.0 |
               +--------+--------+--------+--------+--------+-----+--------+

Top non-repeatable levels by time:
     D:2: 973 daAuts
     D:1: 525 daAuts
     D:3: 131 daAuts
